 Dungeon Crawl Stone Soup version 0.32-a0-656-g3542139ebd (webtiles) character file.

Game seed: 6585385979589024245

889 BubbleThief the Trooper (level 8, -12/66 (67) HPs)
             Began as a Formicid Fighter on Mar 8, 2024.
             Mangled by a wight
             ... wielding a +0 great mace
              (18 damage)
             ... on level 4 of the Dungeon.
             The game lasted 00:05:09 (3140 turns).

BubbleThief the Trooper (Formicid Fighter)          Turns: 3140, Time: 00:05:10

HP:   -12/66 (67)   AC:  9    Str: 29    XL:     8   Next: 26%
MP:   8/8           EV:  8    Int:  8    God:
Gold: 224           SH:  5    Dex: 13    Spells: 7/7 levels left

rFire   . . .        a - +0 war axe
rCold   + . .        c - +0 buckler
rNeg    . . .        i - +0 chain mail
rPois   .            (helmet unavailable)
rElec   .            (no cloak)
rCorr   .            (no gloves)
SInv    +            (no boots)
Will    .....        (no amulet) Stlth
                     r - +6 ring of strength
HPRegen 0.31/turn    o - ring of protection from cold
MPRegen 0.11/turn

%: no passive effects
@: lightly drained
A: permanent stasis, dig shafts and tunnels, antennae 3, four strong arms
a: Dig, Shaft Self


You were on level 4 of the Dungeon.
You visited 1 branch of the dungeon, and saw 4 of its levels.
You also visited: Sewer.

You collected 224 gold pieces.

Inventory:

Hand Weapons
 a - a +0 war axe (weapon)
Missiles
 k - a throwing net
Armour
 c - a +0 buckler (worn)
 i - a +0 chain mail (worn)
Jewellery
 j - a ring of fire
 o - a ring of protection from cold (right hand)
 r - a +6 ring of strength (left hand)
 B - a ring of wizardry
Wands
 u - a wand of paralysis (8)
 v - a wand of flame (18)
Scrolls
 e - a scroll of brand weapon {unknown}
 g - 2 scrolls of teleportation {unknown}
 h - 3 scrolls of vulnerability {unknown}
 p - 2 scrolls of blinking {unknown}
 q - a scroll of noise {unknown}
 t - a scroll of butterflies {unknown}
 x - a scroll of enchant armour {unknown}
 y - a scroll of silence {unknown}
Potions
 b - 3 potions of haste {unknown}
 d - a potion of magic
 f - a potion of invisibility {unknown}
 l - a potion of lignification
 m - a potion of attraction {unknown}
 n - 4 potions of curing {unknown}
 s - 2 potions of heal wounds {unknown}
 w - a potion of resistance {unknown}
 z - a potion of mutation {unknown}
 A - a potion of might


   Skills:
 + Level 7.6 Fighting
 + Level 6.5 Axes
 - Level 3.2 Armour
 - Level 4.0 Shields


You had 7 spell levels left.
You didn't know any spells.
Your spell library contained the following spells:

 Spells                   Type           Power      Damage    Failure   Level
 Freeze                   Ice            0%         1d3       91%         1
 Frozen Ramparts          Ice            0%         1d1       100%        3
 Gell's Gravitas          Tloc           0%         N/A       100%        3
 Hailstorm                Conj/Ice       0%         3d5       100%        3
 Teleport Other           Tloc           0%         N/A       100%        3
 Dispersal                Tloc           0%         N/A       100%        6


Dungeon Overview and Level Annotations

Branches:
Dungeon (4/15)              Sewer (visited)
 Temple: D:4-7

Altars:
Nemelex Xobeh


Innate Abilities, Weirdness & Mutations

You cannot be hasted, slowed, berserked, paralysed or teleported.
You can dig through walls and to a lower floor.
You have a pair of large antennae on your head. (SInv)
Your four strong arms can wield two-handed weapons with a shield.


Message History

You are too injured to fight recklessly!
You are too injured to fight recklessly!
You hit the wight but do no damage. You slash the wight!
You destroy the wight!
The wight hits you with a +0 great mace!
* * * LOW HITPOINT WARNING * * *
Your life force feels restored.
Unknown command.
You barely miss the wight. The wight hits you but does no damage.
The wight closely misses you.
Unknown command.
You barely miss the wight.
The wight hits you with a +0 great mace.
* * * LOW HITPOINT WARNING * * *
You feel drained.
* * * LOW HITPOINT WARNING * * *
You hit the wight but do no damage. The wight hits you but does no damage.
You barely miss the wight.
The wight hits you with a +0 great mace.
* * * LOW HITPOINT WARNING * * *
You hit the wight.
The wight is moderately damaged.
The wight barely misses you. x2
You barely miss the wight.
The wight is moderately damaged.
The wight hits you but does no damage.
You hit the wight.
The wight is heavily damaged.
You block the wight's attack.
You closely miss the wight.
The wight is heavily damaged.
The wight hits you with a +0 great mace!
* * * LOW HITPOINT WARNING * * *
You barely miss the wight.
The wight is heavily damaged.
The wight barely misses you.
You barely miss the wight.
The wight is heavily damaged.
The wight hits you with a +0 great mace!!
You die...

###.$.... ..........#
..........# .........#
#.......# ##..# ##......##
#....# ###........#
......##.......)..##
.........$.....z@<.## ##
#$.z......).........####.#
#.............####...[...#
#...........### ##.....##
#......<...## ##))..#
#..##.....## #)[.##
#....## ##....# ##...#
##.....## ##.##
##...#...##


You could see a wight.

Vanquished Creatures
  Grinder (D:3)
  Menkaure (D:4)
  Pargi (Sewer)
  4 wights
  A hound (D:4)
  A jelly (D:3)
  An iguana (D:4)
  A sleepcap (D:3)
  An orc wizard (D:4)
  Natasha (D:3)
  5 adders
  A dart slug (D:4)
  2 ribbon worms
  3 orcs (D:4)
  6 bats
  4 endoplasms
  7 giant cockroaches
  3 goblins
  5 hobgoblins
  5 jackals
  12 kobolds
  3 quokkas
  4 ball pythons
  3 frilled lizards
  6 rats
82 creatures vanquished.

Notes
Turn   | Place    | Note
-------+----------+-------------------------------------------
     0 | D:1      | BubbleThief the Formicid Fighter began the quest for the
                  | Orb.
     0 | D:1      | Reached XP level 1. HP: 18/18 MP: 1/1
    84 | D:1      | Reached XP level 2. HP: 23/24 MP: 2/2
   391 | D:1      | Reached XP level 3. HP: 29/30 MP: 3/3
   489 | D:2      | Reached skill level 4 in Fighting
   793 | D:2      | Reached XP level 4. HP: 37/37 MP: 4/4
  1197 | D:3      | Found a sparkling altar of Nemelex Xobeh.
  1459 | D:3      | Noticed Grinder
  1468 | D:3      | Killed Grinder
  1469 | D:3      | Reached skill level 5 in Fighting
  1469 | D:3      | Reached XP level 5. HP: 33/46 MP: 5/5
  1469 | D:3      | Reached XP level 6. HP: 37/52 MP: 6/6
  1646 | D:3      | Found a glowing drain.
  1656 | Sewer    | Entered a sewer
  1699 | Sewer    | Noticed Pargi
  1732 | Sewer    | Killed Pargi
  1733 | Sewer    | Reached skill level 6 in Fighting
  1733 | Sewer    | Reached skill level 5 in Axes
  1733 | Sewer    | Reached XP level 7. HP: 43/58 MP: 7/7
  2493 | D:4      | Noticed Natasha
  2502 | D:3      | Killed Natasha
  2540 | D:4      | Noticed Menkaure
  2546 | D:4      | Killed Menkaure
  2552 | D:4      | HP: 2/59 [iguana (8)]
  2805 | D:4      | Reached skill level 7 in Fighting
  2848 | D:4      | Reached XP level 8. HP: 67/67 MP: 8/8
  3140 | D:4      | Mangled by a wight

Illustrated notes

Levels and vault maps discovered:
D:1:      lightli_arrival_statue_moat, layout_rooms
D:2:      layout_basic, feat_on_display
D:3:      layout_basic, mainiacjoe_overflow_boulevard, gup_sewer_entry_pipe,
          uniq_grinder
D:4:      layout_layer_cave, uniq_menkaure, uniq_natasha

Skill      XL: |  1  2  3  4  5  6  7 |
---------------+----------------------+-----
Fighting       | 4 5 6 7 |  7.6
Axes           | 3 4 5 6 |  6.5
Armour         | |  3.2
Shields        | |  4.0

Action                     |  1- 3 |  4- 6 |  7- 9 || total
---------------------------+-------+-------+-------++-------
  Melee: War axe           |    83 |    62 |    92 ||   237
  Evoke: Wand              |       |       |     1 ||     1
    Use: Potion            |       |     1 |       ||     1
         Scroll            |       |     2 |       ||     2
 Armour: Scale mail        |    39 |       |       ||    39
         Chain mail        |    22 |    45 |    65 ||   132
  Dodge: Dodged            |    44 |    24 |    41 ||   109
  Block: Buckler           |    24 |    16 |    22 ||    62

Table legend: (Time is in decaauts)
 A = Elapsed time spent in this place.
 B = Non-inter-level travel time spent in this place.
 C = Inter-level travel time spent in this place.
 D = Time resting spent in this place.
 E = Time spent auto-exploring this place.
 F = Levels seen in this place.
 G = Mean time per level.
                   A        B        C        D        E       F      G
               +--------+--------+--------+--------+--------+-----+--------+
         Total |   3235 |   3035 |    200 |    190 |   2118 |   5 |  647.0 |
       Dungeon |   2996 |   2796 |    200 |    190 |   1974 |   4 |  749.0 |
         Sewer |    238 |    238 |      0 |      0 |    143 |   1 |  238.0 |
               +--------+--------+--------+--------+--------+-----+--------+

Top non-repeatable levels by time:
     D:3: 1449 daAuts
     D:2: 706 daAuts
     D:1: 455 daAuts
     D:4: 384 daAuts
   Sewer: 238 daAuts
